 Dungeon Crawl Stone Soup version 0.27-a0-1555-g0e7b3fb1d2 (webtiles) character file.

Game seed: 6026031336060347863

74 Morbidden the Stinger (level 4, 27/31 HPs)
             Began as a Demonspawn Venom Mage on July 15, 2021.
             Quit the game on level 3 of the Dungeon.
             The game lasted 00:03:21 (3172 turns).

Morbidden the Stinger (Demonspawn Venom Mage)       Turns: 3172, Time: 00:03:21

Health: 27/31      AC:  3    Str:  9    XL:     4   Next: 9%
Magic:  3/8        EV: 12    Int: 17    God:
Gold:   107        SH:  5    Dex: 13    Spells: 5/8 levels left

rFire    . . .     SeeInvis .   l - staff of air
rCold    . . .     Faith    .   (no shield)
rNeg     . . .     Spirit   .   d - +0 robe
rPois    .         Reflect  +   (helmet restricted)
rElec    +         Harm     .   p - +0 cloak
rCorr    .         Rampage  .   (no gloves)
Will     .....                  (no boots)
Stlth    ++........             i - amulet of reflection
HPRegen  0.10/turn              (no ring)
MPRegen  0.11/turn              (no ring)

@: no status effects
A: antennae 1, spiny 1
a: no special abilities


You were on level 3 of the Dungeon.
You visited 1 branch of the dungeon, and saw 3 of its levels.

You collected 107 gold pieces.

Inventory:

Hand Weapons
 a - a +0 dagger
Armour
 d - a +0 robe (worn)
 p - a +0 cloak (worn)
Magical Staves
 l - a staff of air (weapon)
Jewellery
 i - an amulet of reflection (around neck)
Scrolls
 b - a scroll of silence {unknown}
 c - a scroll of amnesia {unknown}
 f - a scroll of magic mapping {unknown}
 g - a scroll of holy word {unknown}
 j - 2 scrolls of teleportation {unknown}
 m - a scroll of noise {unknown}
 n - a scroll of blinking {unknown}
 q - a scroll of identify {unknown}
Potions
 e - a potion of might {unknown}
 h - 2 potions of heal wounds {unknown}
 k - a potion of mutation {unknown}
 o - a potion of attraction {unknown}
 r - a potion of curing {unknown}


   Skills:
 * Level 0.5 Fighting
 * Level 0.3 Staves
 + Level 1.9 Dodging
 + Level 2.0 Stealth
 * Level 2.6 Spellcasting
 * Level 1.3 Transmutations
 * Level 0.3 Air Magic
 * Level 3.8 Poison Magic


You had 5 spell levels left.
You knew the following spells:

 Your Spells              Type           Power      Damage    Failure   Level
a - Sting                 Tmut/Pois      44%        1d5       6%          1
b - Poisonous Vapours     Pois/Air       28%        N/A       12%         2

Your spell library contained the following spells:

 Spells                   Type           Power      Damage    Failure   Level
 Shock                    Conj/Air       16%        1d4       17%         1
 Mephitic Cloud           Conj/Pois/Air  10%        N/A       30%         3
 Olgreb's Toxic Radiance  Pois           15%        N/A       36%         4
 Swiftness                Air            5%         N/A       43%         3
 Frozen Ramparts          Ice            4%         1d2       47%         3
 Ice Form                 Ice/Tmut       4%         N/A       80%         4
 Airstrike                Air            2%         N/A       83%         4
 Summon Ice Beast         Ice/Summ       2%         N/A       87%         4


Dungeon Overview and Level Annotations

Branches:
Dungeon (3/15)

Altars:
Ashenzari

Shops:
D:2 [


Innate Abilities, Weirdness & Mutations

You have a pair of small antennae on your head.
You are partially covered in sharp spines.


Message History

Aiming: Sting (safe; 6% risk of failure)
Press: ? - help, Shift-Dir - straight line, f/p - adder
Aim: an adder (53% to hit)
The sting misses the adder.
Casting: Sting (safe; 6% risk of failure)
Confirm with . or Enter, or press ? or * to list all spells.
Aiming: Sting (safe; 6% risk of failure)
Press: ? - help, Shift-Dir - straight line, f/p - adder
Aim: an adder (53% to hit)
The sting hits the adder.
The adder is poisoned.
The adder is moderately wounded.
You closely miss the adder.
The adder is heavily wounded.
You block the adder's attack. The adder bites you.
Unknown command.
Casting: Sting (safe; 6% risk of failure)
Confirm with . or Enter, or press ? or * to list all spells.
Aiming: Sting (safe; 6% risk of failure)
Press: ? - help, Shift-Dir - straight line, f/p - adder
Aim: an adder (heavily wounded, poisoned, 53% to hit)
The sting misses the adder.
You block the adder's attack.
Unknown command.
You block the adder's attack. You block the adder's attack.
The adder misses you.
Your magical contamination has completely faded away.
Unknown command.
Unknown command.
Unknown command.
You closely miss the adder.
The adder is severely wounded.
The adder closely misses you.
You hit the adder.
The adder is almost dead.
The adder barely misses you. The adder is struck by your spines.
You kill the adder!
You have reached level 4!
You feel stronger.
Your demonic ancestry asserts itself...
A pair of antennae grows on your head!
Unknown command.
Are you sure you want to abandon this character and quit the game? (Confirm with "yes".)

#.....# # #.....# . .
#.....##. #. #........
#. #....[... #####.###
######........
........###.............
..........#.#.#.#.......
.......@#...#...#..#....
............#...#.......
.........#.##...#.##....
.#####...#⌠(##+##.⌠#....
#....#.........#....
#...##........#####.
#.#...#.......#...#.
##.#)..+..._...+...+.
#######
#..#...#.......#...#.


There were no monsters in sight!

Vanquished Creatures
  Crazy Yiuf (D:2)
  An adder (D:3)
  A worm (D:2)
  3 ball pythons
  2 endoplasms
  2 giant cockroaches
  2 goblins
  2 hobgoblins (D:1)
  4 jackals
  2 kobolds (D:1)
  2 quokkas (D:1)
  4 bats (D:1)
  3 frilled lizards
  2 rats (D:2)
31 creatures vanquished.

Vanquished Creatures (others)
  2 plants (D:1)
2 creatures vanquished.

Grand Total: 33 creatures vanquished

Notes
Turn   | Place    | Note
-------+----------+-------------------------------------------
     0 | D:1      | Morbidden the Demonspawn Venom Mage began the quest for the
                  | Orb.
     0 | D:1      | Reached XP level 1. HP: 13/13 MP: 3/3
   838 | D:1      | Gained mutation: You are partially covered in sharp spines.
                  | [demonic ancestry]
   838 | D:1      | Reached XP level 2. HP: 19/19 MP: 1/5
   976 | D:1      | Learned a level 2 spell: Poisonous Vapours
  1282 | D:1      | Found a faded altar of an unknown god.
  1573 | D:1      | Reached skill level 1 in Transmutations
  2187 | D:2      | Reached XP level 3. HP: 22/24 MP: 1/6
  2271 | D:2      | Found a runed translucent door.
  2272 | D:2      | Noticed Crazy Yiuf
  2310 | D:2      | Found Hineapig's Antique Armour Boutique.
  2796 | D:2      | Killed Crazy Yiuf
  3105 | D:3      | Found a broken altar of Ashenzari.
  3172 | D:3      | Gained mutation: You have a pair of small antennae on your
                  | head. [demonic ancestry]
  3172 | D:3      | Reached XP level 4. HP: 27/31 MP: 3/8
  3172 | D:3      | Quit the game

Illustrated notes

Levels and vault maps discovered:
D:1:      wander_arrival_lonely_grave, layout_basic,
          hellmonk_ecumenical_altar_lost_god, kennysheep_boxes
D:2:      layout_rooms, serial_shops, shop, hangedman_decor_diamond_cutter,
          uniq_crazy_yiuf_cottage
D:3:      layout_basic, bloody_makhleb, mainiacjoe_overflow_surrounded_room,
          evilmike_ruin_ashenzari

Skill      XL: |  1  2 |
---------------+-------+-----
Stealth        | 2 |  2.0
Transmutations | 1 |  1.3
Fighting       | |  0.5
Staves         | |  0.3
Dodging        | |  1.9
Spellcasting   | |  2.6
Air Magic      | |  0.3
Poison Magic   | |  3.8

Action                   |  1- 3 |  4- 6 || total
-------------------------+-------+-------++-------
Melee: Dagger            |    50 |       ||    50
       Unarmed           |     6 |       ||     6
       Staff             |     6 |       ||     6
 Cast: Sting             |    34 |       ||    34
       Poisonous Vapours |    11 |       ||    11
 Stab: Sleeping          |     2 |       ||     2
Armor: Robe              |    16 |       ||    16
Dodge: Dodged            |    47 |       ||    47
Block: Other             |     9 |       ||     9

Table legend: (Time is in decaauts)
 A = Elapsed time spent in this place.
 B = Non-inter-level travel time spent in this place.
 C = Inter-level travel time spent in this place.
 D = Time resting spent in this place.
 E = Time spent auto-exploring this place.
 F = Levels seen in this place.
 G = Mean time per level.
                   A        B        C        D        E       F      G
               +--------+--------+--------+--------+--------+-----+--------+
         Total |   3172 |   3092 |     80 |    271 |   2492 |   3 | 1057.3 |
       Dungeon |   3172 |   3092 |     80 |    271 |   2492 |   3 | 1057.3 |
               +--------+--------+--------+--------+--------+-----+--------+

Top non-repeatable levels by time:
     D:1: 2046 daAuts
     D:2: 1017 daAuts
     D:3: 109 daAuts
